 Dungeon Crawl Stone Soup version 0.31-a0-532-g28f74ba3e5 (webtiles) character file.

Game seed: 17195023645993761994

2843 pokeman the Thaumaturge (level 9, -16/50 HPs)
             Began as a Deep Elf Hedge Wizard on Aug 12, 2023.
             Was a Believer of Vehumet.
             Demolished by an orc warrior
             ... wielding a +0 morningstar
              (20 damage)
             ... on level 7 of the Dungeon.
             The game lasted 00:16:16 (8947 turns).

pokeman the Thaumaturge (Deep Elf Hedge Wizard)     Turns: 8947, Time: 00:16:16

Health: -16/50     AC:  4    Str:  7    XL:     9   Next: 46%
Magic:  7/26       EV: 13    Int: 24    God:    Vehumet [**....]
Gold:   434        SH:  0    Dex: 14    Spells: 15/31 levels left

rFire   . . .        v - +0 dagger (venom)
rCold   . . .        (no shield)
rNeg    . . .        b - +0 robe
rPois   +            l - +0 helmet
rElec   .            (no cloak)
rCorr   .            s - +0 pair of gloves
SInv    .            (no boots)
Will    .....        g - amulet of the acrobat
Stlth   ++           r - ring of poison resistance
HPRegen 0.28/turn    (no ring)
MPRegen 0.20/turn

%: acrobat
@: no status effects
A: no striking features
a: Renounce Religion


You were on level 7 of the Dungeon.
You worshipped Vehumet.
Vehumet was pleased with you.
You visited 2 branches of the dungeon, and saw 8 of its levels.
You also visited: Sewer.

You collected 434 gold pieces.

Inventory:

Hand Weapons
 v - a +0 dagger of venom (weapon)
Armour
 b - a +0 robe (worn)
 l - a +0 helmet (worn)
 s - a +0 pair of gloves (worn)
Jewellery
 g - an amulet of the acrobat (around neck)
 r - a ring of poison resistance (left hand)
Wands
 w - a wand of mindburst (22)
 A - a wand of acid (12)
Scrolls
 a - 2 scrolls of revelation {unknown}
 c - 2 scrolls of teleportation {unknown}
 e - a scroll of torment {unknown}
 i - 2 scrolls of noise {unknown}
 k - 2 scrolls of immolation {unknown}
 m - a scroll of fear {unknown}
 p - 5 scrolls of identify {unknown}
 q - 3 scrolls of poison {unknown}
 u - 3 scrolls of blinking {unknown}
 y - 2 scrolls of fog {unknown}
Potions
 d - 2 potions of magic
 h - a potion of enlightenment {unknown}
 j - 3 potions of curing {unknown}
 n - 2 potions of haste
 o - a potion of brilliance {unknown}
 t - a potion of degeneration {unknown}
 x - a potion of attraction {unknown}
 z - a potion of invisibility {unknown}


   Skills:
 + Level 3.1 Fighting
 - Level 3.0 Armour
 - Level 3.0 Dodging
 - Level 3.0 Stealth
 * Level 11.6 Spellcasting
 + Level 6.3 Conjurations
 - Level 1.1 Summonings
 + Level 6.0 Necromancy
 - Level 1.1 Translocations
 - Level 1.3 Air Magic
 - Level 1.0 Poison Magic
 - Level 1.0 Evocations


You had 15 spell levels left.
You knew the following spells:

 Your Spells              Type           Power      Damage    Failure   Level
a - Magic Dart            Conj           100%       1d8       1%          1
b - Mephitic Cloud        Conj/Pois/Air  28%        N/A       4%          3
c - Call Imp              Summ           38%        N/A       4%          2
d - Blink                 Tloc           38%        N/A       4%          2
e - Iskenderun's Mystic   Conj/Tloc      31%        2d8       10%         4
f - Dispel Undead         Necr           42%        3d17      3%          4

Your spell library contained the following spells:

 Spells                   Type           Power      Damage    Failure   Level
 Freeze                   Ice            52%        1d6       4%          1
 Kiss of Death            Conj/Necr      100%       2d13      1%          1
 Necrotise                Necr           100%       1d9       1%          1
 Momentum Strike          Conj/Tloc      62%        3d9       1%          2
 Vampiric Draining        Necr           42%        2d9       1%          3
 Cigotuvi's Dreadful Rot  Necr/Pois/Air  54%        N/A       2%          2
 Slow                     Hex            52%        N/A       4%          1
 Lesser Beckoning         Tloc           38%        N/A       4%          2
 Ensorcelled Hibernation  Hex/Ice        26%        N/A       7%          2
 Passwall                 Tmut/Erth      10%        N/A       7%          2
 Swiftness                Air            20%        N/A       8%          3
 Portal Projectile        Hex/Tloc       32%        N/A       11%         3
 Agony                    Necr           42%        N/A       11%         5
 Confusing Touch          Hex            13%        N/A       14%         3
 Ozocubu's Armour         Ice            13%        N/A       14%         3
 Tukima's Dance           Hex            13%        N/A       14%         3
 Leda's Liquefaction      Hex/Erth       6%         N/A       41%         4
 Summon Mana Viper        Hex/Summ       16%        N/A       69%         5
 Metabolic Englaciation   Hex/Ice        6%         N/A       77%         5
 Yara's Violent Unravell  Hex/Tmut       6%         3d5       77%         5
 Simulacrum               Ice/Necr       14%        N/A       90%         6


Dungeon Overview and Level Annotations

Branches:
Dungeon (7/15)             Temple (1/1) D:4           Sewer (visited)

Altars:
Ashenzari
Cheibriados
Dithmenos
Elyvilon
Fedhas
Gozag
Hepliaklqana
Kikubaaqudgha
Makhleb
Nemelex Xobeh
Okawaru
Qazlal
Ru
Sif Muna
Trog
Uskayaw
Vehumet
Wu Jian
Xom
Yredelemnul
Zin
The Shining One

Shops:
D:1 ?([[:

Annotations:
D:5 Need fly


Message History

You see here a +0 whip.
Found a fuming blue potion.
The howler monkey completely misses you.
A steam dragon comes into view.
You closely miss the howler monkey. The howler monkey hits you.
A howler monkey comes into view.
The howler monkey hoots and howls with incredible vigour!
An orc comes into view. It is wielding a +0 club.
The howler monkey closely misses you.
You hear a howl!
The howler monkey hoots and howls with incredible vigour!
You hear a howl!
You see here a +0 whip.
Casting: Iskenderun's Mystic Blast (dangerous; 10% risk of failure)
Confirm with . or Enter, or press ? or * to list all spells.
You erupt in a blast of force!
The mystic blast hits the howler monkey!
The howler monkey is heavily wounded.
The howler monkey is knocked back by the mystic blast.
The howler monkey collides with the howler monkey!
The howler monkey is lightly wounded.
The howler monkey is severely wounded.
The mystic blast hits the howler monkey!
The howler monkey is heavily wounded.
The howler monkey is knocked back by the mystic blast.
The mystic blast hits the orc warrior but does no damage.
An orc wizard comes into view. It is wielding a +0 dagger.
The orc warrior hits you with a +0 morningstar!
* * * LOW HITPOINT WARNING * * *
Unknown command.
Casting: Iskenderun's Mystic Blast (dangerous; 10% risk of failure)
Confirm with . or Enter, or press ? or * to list all spells.
You erupt in a blast of force!
The mystic blast hits the howler monkey!
You kill the howler monkey!
Vehumet accepts your kill.
You feel your power returning.
The mystic blast hits the orc warrior but does no damage.
The orc warrior hits you with a +0 morningstar!!
You die...

...## o....
...###.
###o......
#####........#
#..........###
#...#o........
#.)))@.h.D....
#..)###.##....
#.<.# .h. .
#...# ...#
#..## ..##
#... ..# ..$.
..# ...... !##
.......


You could see a steam dragon, an orc warrior, 2 howler monkeys, an orc wizard
and an orc.

Vanquished Creatures
  Sigmund (D:4)
  Menkaure (D:4)
  A water moccasin (D:6)
  An orc warrior (D:6)
  3 ice beasts
  2 black bears (D:6)
  An ogre (D:5)
  2 phantoms
  A kobold brigand (Sewer)
  2 gnoll sergeants
  6 scorpions
  5 killer bees (D:6)
  3 howler monkeys
  6 jellies
  2 hounds
  3 iguanas
  A sleepcap (D:6)
  2 orc wizards
  14 gnolls
  14 adders
  A river rat (Sewer)
  A white imp (D:5)
  2 ufetubi
  A worm (D:5)
  A dart slug (D:5)
  16 orcs
  6 bats
  5 endoplasms
  A giant cockroach (D:4)
  9 goblins
  7 hobgoblins
  4 jackals (D:3)
  12 kobolds
  8 quokkas
  13 ball pythons
  2 frilled lizards
  5 rats
165 creatures vanquished.

Vanquished Creatures (collateral kills)
  A jelly (D:6)
  A worm (D:3)
  An endoplasm (D:3)
  2 giant cockroaches (D:3)
5 creatures vanquished.

Vanquished Creatures (others)
  A killer bee (D:6)
1 creature vanquished.

Grand Total: 171 creatures vanquished

Notes
Turn   | Place    | Note
-------+----------+-------------------------------------------
     0 | D:1      | pokeman the Deep Elf Hedge Wizard began the quest for the
                  | Orb.
     0 | D:1      | Reached XP level 1. HP: 10/10 MP: 7/7
   148 | D:1      | Reached XP level 2. HP: 16/16 MP: 1/9
   225 | D:1      | Found Wareikh's Vocational Training.
   405 | D:1      | Found Kicimnant's Armour Emporium.
   656 | D:1      | Found Doagoefy's Magic Scroll Shoppe.
   738 | D:1      | Found Uptateh's Weapon Shoppe.
   769 | D:1      | Found Mios's Antique Armour Emporium.
   774 | D:1      | Reached skill level 5 in Spellcasting
  1014 | D:2      | Reached XP level 3. HP: 20/20 MP: 8/11
  1018 | D:2      | Learned a level 3 spell: Mephitic Cloud
  1021 | D:2      | Learned a level 2 spell: Call Imp
  1027 | D:2      | Learned a level 2 spell: Blink
  1553 | D:2      | Found a basalt altar of Yredelemnul.
  1625 | D:3      | Found a glowing drain.
  1653 | D:3      | Reached skill level 1 in Armour
  1659 | D:3      | Reached skill level 1 in Fighting
  1666 | Sewer    | Entered a sewer
  1732 | Sewer    | Noticed a kobold brigand
  1765 | Sewer    | Killed a kobold brigand
  1766 | Sewer    | Reached XP level 4. HP: 22/25 MP: 2/13
  1783 | Sewer    | Reached skill level 6 in Spellcasting
  1783 | Sewer    | Reached XP level 5. HP: 20/29 MP: 2/15
  2675 | D:3      | Found a blossoming altar of Fedhas.
  2687 | D:3      | Reached skill level 1 in Poison Magic
  2690 | D:3      | Reached skill level 1 in Air Magic
  3020 | D:3      | Found a faded altar of an unknown god.
  3051 | D:3      | Learned a level 4 spell: Iskenderun's Mystic Blast
  3056 | D:3      | Learned a level 4 spell: Dispel Undead
  3274 | D:3      | Reached XP level 6. HP: 34/34 MP: 12/17
  3397 | D:3      | Found a sacrificial altar of Ru.
  3442 | D:3      | Reached skill level 7 in Spellcasting
  3741 | D:3      | Reached skill level 1 in Necromancy
  3920 | D:4      | Found a staircase to the Ecumenical Temple.
  3922 | D:4      | Noticed Menkaure
  3930 | Temple   | Entered the Ecumenical Temple
  3952 | Temple   | Became a worshipper of Vehumet
  4068 | D:4      | Killed Menkaure
  4704 | D:4      | Noticed Sigmund
  4710 | D:4      | Killed Sigmund
  4711 | D:4      | Reached XP level 7. HP: 40/40 MP: 17/20
  4854 | D:5      | Entered Level 5 of the Dungeon
  4868 | D:5      | Reached skill level 8 in Spellcasting
  5209 | D:5      | Reached skill level 1 in Evocations
  5624 | D:5      | Reached XP level 8. HP: 44/44 MP: 12/22
  5880 | D:5      | Reached skill level 9 in Spellcasting
  5977 | D:5      | Reached * piety under Vehumet
  5977 | D:5      | Offered knowledge of Sandblast by Vehumet.
  6663 | D:5      | Reached skill level 5 in Conjurations
  7151 | D:6      | Reached skill level 10 in Spellcasting
  7372 | D:6      | Reached skill level 5 in Necromancy
  7555 | D:6      | Reached XP level 9. HP: 12/49 MP: 12/25
  8091 | D:6      | Got the Meditations on Malediction
  8123 | D:6      | Reached skill level 11 in Spellcasting
  8409 | D:6      | Reached ** piety under Vehumet
  8409 | D:6      | Offered knowledge of Freeze by Vehumet.
  8947 | D:7      | Demolished by an orc warrior

Illustrated notes

Levels and vault maps discovered:
D:1:      dpeg_arrival_simpleton_a, layout_basic, serial_shops, shop,
          nicolae_shop_statue_plus, shop_statue, nicolae_shop_trees,
          nicolae_shop_vocational
D:2:      layout_basic, basic_altar
D:3:      layout_rooms, mainiacjoe_overflow_paths,
          mainiacjoe_overflow_small_starburst, gup_sewer_entry_glass,
          dreamdust_ecumenical_altar_angels_and_demons, roderic_roman_lattice,
          roderic_lattice_a
D:4:      layout_loops_ring, minmay_temple_entry_slanted, uniq_menkaure,
          uniq_sigmund
D:5:      minmay_diamond_boxcup, layout_basic, water_boxes_lemuel
D:6:      kennysheep_six_static_rooms, layout_layer_cave,
          minmay_misc_feat_columns, lightli_orcish_oven
D:7:      minmay_chambers_of_sixes, layout_rooms, serial_shops,
          nicolae_shop_stone
Temple:   nicolae_temple_slightly_damp_pantheon

Skill      XL: |  1  2  3  4  5  6  7  8  9 |
---------------+----------------------------+-----
Spellcasting   | 5 6 7 8 10 11 | 11.6
Armour         | 1 3 |  3.0
Fighting       | 1 2 3 |  3.1
Conjurations   | 2 3 4 5 6 |  6.3
Dodging        | 3 |  3.0
Stealth        | 3 |  3.0
Poison Magic   | 1 |  1.0
Air Magic      | 1 |  1.3
Necromancy     | 2 3 5 6 |  6.0
Evocations     | 1 |  1.0
Summonings     | |  1.1
Translocations | |  1.1

Action                     |  1- 3 |  4- 6 |  7- 9 || total
---------------------------+-------+-------+-------++-------
  Melee: Dagger            |    16 |    61 |   119 ||   196
         Punch             |     1 |     1 |     5 ||     7
   Cast: Magic Dart        |    80 |   116 |   138 ||   334
         Mephitic Cloud    |     3 |     8 |    26 ||    37
         Call Imp          |     2 |     6 |     7 ||    15
         Blink             |       |     1 |     7 ||     8
         Iskenderun's Myst |       |       |     4 ||     4
    Use: Potion            |       |       |     2 ||     2
   Stab: Confused          |     2 |     4 |    15 ||    21
         Sleeping          |       |     1 |       ||     1
         Distracted        |       |       |     1 ||     1
 Armour: Robe              |     3 |    13 |    27 ||    43
  Dodge: Dodged            |    24 |    53 |    88 ||   165

Table legend: (Time is in decaauts)
 A = Elapsed time spent in this place.
 B = Non-inter-level travel time spent in this place.
 C = Inter-level travel time spent in this place.
 D = Time resting spent in this place.
 E = Time spent auto-exploring this place.
 F = Levels seen in this place.
 G = Mean time per level.
                   A        B        C        D        E       F      G
               +--------+--------+--------+--------+--------+-----+--------+
         Total |   9080 |   8899 |    181 |    353 |   7310 |   9 | 1008.9 |
       Dungeon |   7869 |   7724 |    145 |    300 |   6355 |   7 | 1124.1 |
        Temple |     87 |     51 |     36 |     46 |      0 |   1 |   87.0 |
         Sewer |   1123 |   1123 |      0 |      7 |    955 |   1 | 1123.0 |
               +--------+--------+--------+--------+--------+-----+--------+

Top non-repeatable levels by time:
     D:6: 2004 daAuts
     D:5: 1852 daAuts
     D:3: 1240 daAuts
     D:4: 1124 daAuts
   Sewer: 1123 daAuts
     D:1: 887 daAuts
     D:2: 737 daAuts
  Temple: 87 daAuts
     D:7: 22 daAuts
